 Dungeon Crawl Stone Soup version 0.23.0-2-g0fe3ce5 (webtiles) character file.

Game seed: 14302777312767937242

335891 Inarius the Executioner (level 21, -2/195 HPs)
             Began as a Minotaur Fire Elementalist on Feb 18, 2019.
             Was the Champion of Trog.
             Slain by an emperor scorpion (16 damage)
             ... summoned by a greater mummy
             ... led by Khufu
             ... on level 2 of the Crypt on Feb 19, 2019.
             The game lasted 02:17:18 (66089 turns).

Inarius the Executioner (MiFE)                     Turns: 66089, Time: 02:17:19

Health: -2/195     AC: 30    Str: 24    XL:     21   Next: 28%
Magic:  28/28      EV:  8    Int: 12    God:    Trog [******]
Gold:   1556       SH: 33    Dex: 12    Spells: 21/22 levels left

rFire    + . .     SeeInvis .   b - +5 broad axe (elec)
rCold    + . .     Gourm    +   W - +10 large shield of Ignorance {rN+ Int-4}
rNeg     + + +     Faith    .   s - +1 plate armour of the Stars {*Corrode MR++ Str+2 Int+4}
rPois    .         Spirit   .   k - +2 hat
rElec    .         Reflect  .   Y - +2 cloak {MR+}
rCorr    .         Harm     .   Z - +1 pair of gloves
MR       ++++.                  U - +2 pair of boots {run}
Stlth    ..........             q - amulet of the gourmand
HPRegen  0.42/turn              e - ring of Neakleuvvy {rF+ rC+ rN+ Stlth+}
MPRegen  0.21/turn              C - ring of positive energy

@: about to teleport, hasted, very quick
A: retaliatory headbutt, horns 2
}: 1/15 runes: decaying
a: Berserk, Trog's Hand, Brothers in Arms, Renounce Religion


You were on level 2 of the Crypt.
You worshipped Trog.
Trog was exalted by your worship.
You were not hungry.

You visited 9 branches of the dungeon, and saw 39 of its levels.
You visited the Abyss 1 time.
You also visited: Ice Cave.

You collected 3760 gold pieces.
You spent 2204 gold pieces at shops.

Inventory:

Hand Weapons
 b - a +5 broad axe of electrocution (weapon)
 n - a +3 broad axe of flaming
 x - a +5 broad axe of chopping
 I - a +2 eveningstar of holy wrath
 Q - the +10 war axe of Lies {venom, rElec rF+ Str-3}
   (Trog gifted it to you on level 1 of the Spider Nest)

   It poisons the flesh of those it strikes.
   It affects your strength (-3).
   It protects you from fire.
   It insulates you from electricity.
Armour
 a - a +2 cloak of cold resistance
 k - a +2 hat (worn)
 s - the +1 plate armour of the Stars (worn) {*Corrode MR++ Str+2 Int+4}
   (You bought it in a shop on level 3 of the Vaults)

   It affects your strength (+2).
   It affects your intelligence (+4).
   It affects your resistance to hostile enchantments.
   It may corrode you when you take damage.
 U - a +2 pair of boots of running (worn)
 W - the +10 large shield of Ignorance (worn) {rN+ Int-4}
   (You found it on level 2 of the Orcish Mines)

   It affects your intelligence (-4).
   It protects you from negative energy.
 Y - a +2 cloak of magic resistance (worn)
 Z - a +1 pair of gloves (worn)
Jewellery
 e - the ring of Neakleuvvy (left hand) {rF+ rC+ rN+ Stlth+}
   (You acquired it on level 3 of the Vaults)

   [ring of protection from fire]

   It protects you from fire.
   It protects you from cold.
   It protects you from negative energy.
   It makes you more stealthy.
 m - the amulet "Mealosai" {Spirit rF+ rC+++ Slay-5}
   (You found it on level 3 of the Swamp)

   [amulet of guardian spirit]

   It causes incoming damage to be split between your health and magic.
   It affects your accuracy and damage with ranged weapons and melee attacks
   (-5).
   It protects you from fire.
   It renders you almost immune to cold.
 q - an amulet of the gourmand (around neck)
 C - a ring of positive energy (right hand)
 G - an uncursed ring of protection from cold
 H - an uncursed amulet of the acrobat {unknown}
 O - an uncursed ring of fire
 P - a +3 ring of evasion
 S - the ring "Ubapifiq" {rPois Int+2}
   (You found it on level 12 of the Dungeon)

   [ring of poison resistance]

   It affects your intelligence (+2).
   It protects you from poison.
Wands
 l - a wand of flame (6)
 y - a wand of digging (5)
 J - a wand of random effects (87)
 T - a wand of paralysis (3)
 X - a wand of scattershot (6)
Scrolls
 d - 8 scrolls of teleportation
 o - 16 scrolls of remove curse
 p - 3 scrolls of fear
 v - 5 scrolls of fog
 w - 3 scrolls of magic mapping
 z - 6 scrolls of immolation
 F - 4 scrolls of summoning
 K - a scroll of silence
 N - a scroll of blinking
Potions
 f - 5 potions of might
 h - 4 potions of cancellation
 i - 2 potions of berserk rage
 j - 12 potions of curing
 r - 2 potions of magic
 t - 2 potions of ambrosia
 u - 4 potions of flight
 A - 4 potions of mutation
 B - 10 potions of lignification
 D - 5 potions of haste
 R - 3 potions of invisibility
Miscellaneous
 E - 2 phantom mirrors
 L - a lightning rod (4/4)
 M - a lamp of fire
Comestibles
 c - 50 rations


   Skills:
 + Level 18.6 Fighting
   Level 1.0 Short Blades
 * Level 25.8 Axes
 - Level 0.1(17.9) Maces & Flails
 + Level 16.8 Armour
 - Level 2.1 Dodging
 - Level 1.5 Stealth
 + Level 20.7 Shields
 - Level 1.3 Spellcasting
 - Level 0.6 Conjurations
 - Level 2.1 Fire Magic
 + Level 10.9 Evocations


You had 21 spell levels left.
You knew the following spells:

 Your Spells              Type           Power        Failure   Level  Hunger
a - Flame Tongue          Conj/Fire      #....        90%         1    ##.....

Your spell library contained the following spells:

 Spells                   Type           Power        Failure   Level  Hunger
 Throw Flame              Conj/Fire      #.....       97%         2    ###....
 Conjure Flame            Conj/Fire      #.......     99%         3    ####...
 Inner Flame              Hex/Fire       #.......     100%        3    ####...
 Sticky Flame             Conj/Fire      #.......     100%        4    #####..
 Fireball                 Conj/Fire      #.........   100%        5    ######.


Dungeon Overview and Level Annotations

Branches:
Dungeon (15/15)            Temple (1/1) D:5            Lair (6/6) D:10
  Swamp (4/4) Lair:3       Spider (3/4) Lair:4        Slime (0/5) Lair:6
    Orc (2/2) D:12            Elf (2/3) Orc:2        Vaults (4/5) D:13
  Crypt (2/3) Vaults:2     Depths (0/5) D:15

Altars:
Ashenzari
Cheibriados
Dithmenos
Elyvilon
Fedhas
Gozag
Hepliaklqana
Kikubaaqudgha
Makhleb
Okawaru
Qazlal
Ru
Sif Muna
Trog
Uskayaw
Wu Jian
Xom
Yredelemnul
Zin
The Shining One
Beogh

Shops:
D:9 *   D:14 }   Orc:2 :(((   Vaults:3 [*![(   Vaults:4 *[[[=

Portals:
Trove: Elf:1 (give 13 scrolls of teleportation)

Annotations:
Lair:2 exclusion: 3 oklob plants
Orc:2 1 runed translucent door, exclusion: 4 orange crystal statues
Elf:2 5 runed translucent doors
Crypt:2 3 runed translucent doors, Khufu; Woadakig's ghost, veteran FoFi


Innate Abilities, Weirdness & Mutations

You reflexively headbutt those who attack you in melee.
You have a pair of horns on your head.


Message History

You headbutt the mummy, but do no damage.
Unknown command.
Unknown command.
Unknown command.
You hit Khufu. You headbutt Khufu, but do no damage.
Khufu is severely damaged.
You hit the death scarab but do no damage.
You slice the greater mummy!! You hit the death scarab.
You slice the death scarab!!
Lightning courses through the death scarab!!
You destroy the death scarab!
The death scarab's corpse disappears in a puff of smoke!
You completely miss the mummy.
Your plate armour of the Stars prevents you from hitting the mummy.
You slash the emperor scorpion!
Lightning courses through the emperor scorpion!
You block the death scarab's attack. x2
The greater mummy hits you but does no damage.
The emperor scorpion stings you!
You die...

########### #######
..........## ####......
...........## #..'......
.........§.§###..'......
........§....##..'......
......M§s....##.##......
......M@M§...##.#######.
......sMs....##.#)..}.#.
.......§§§...##.#...(.#.
...#####.....##.+.♣..=#.
.. #.....'..+....(#. .
#.....'..+..[..##
#.....'..#(...(#
####.....#..#.....#
.........#..#######


You could see Khufu, a greater mummy, an emperor scorpion, 2 death scarabs and 2
mummies.

Vanquished Creatures
  Mennas (Crypt:1)
  Xtahua (Crypt:2)
  Jory (Vaults:4)
  The ghost of vishdafish the Fencer, an adept DsBe of Cheibriados (Swamp:3)
  Asterion (Spider:1)
  3 tentacled starspawn (Abyss:2)
  3 ancient champions
  A thorn hunter (Swamp:4)
  Agnes (Spider:2)
  Kirke (Spider:2)
  Donald (Crypt:1)
  The ghost of Matygoc the Slicer, an adept HaSk of Okawaru (Swamp:3)
  A revenant (Crypt:1)
  Roxanne (Swamp:3)
  2 deep elf sorcerers
  3 frost giants
  The ghost of Foxy the Peltast, an adept GrFi of the Shining One (Swamp:3)
  A ghost moth (Spider:1)
  10 vault wardens
  A ghoul (Crypt:2)
  An emperor scorpion (Spider:1)
  10 ironheart preservers
  A deep elf elementalist (Elf:2)
  An entropy weaver (Vaults:4)
  A reaper (IceCv)
  8 stone giants
  A spark wasp (Spider:2)
  Azrael (D:13)
  4 deep elf demonologists
  3 vampire knights (Crypt:1)
  An eidolon (Crypt:2)
  5 fire dragons
  2 deep elf death magi
  A quicksilver dragon zombie (Crypt:2)
  5 jiangshi
  5 vault guards
  2 great orbs of eyes
  9 yaktaur captains
  20 hydras
  2 rakshasas
  A ghost crab (Swamp:2)
  3 ice dragons
  11 centaur warriors
  21 two-headed ogres
  An anaconda (shapeshifter) (D:12)
  4 shambling mangroves
  8 alligators
  3 catoblepae
  7 death knights
  9 ogre magi
  9 dancing weapons
  4 death yaks
  3 vampire magi
  A tengu warrior (D:14)
  5 orc high priests (Orc:2)
  Sonja (Orc:1)
  14 deep elf knights
  2 shadow wraiths
  A ghost moth zombie (Crypt:1)
  11 swamp dragons
  7 unseen horrors
  33 skeletal warriors
  2 spriggan druids
  A deep troll (Vaults:4)
  7 wizards
  An anaconda skeleton (Crypt:1)
  An anaconda zombie (Crypt:2)
  19 deep elf archers
  16 ironbrand convokers
  7 phantasmal warriors
  An entropy weaver zombie (Crypt:1)
  5 flayed ghosts
  3 lindwurms (Swamp:4)
  32 ugly things
  A fire giant zombie (Crypt:1)
  A mana viper (shapeshifter) (Vaults:2)
  3 necromancers
  A wolf spider zombie (D:13)
  8 orb spiders
  50 deep elf magi
  An oklob plant (Lair:3)
  12 wolf spiders
  23 orc knights
  A stone giant zombie (Crypt:2)
  A salamander (shapeshifter) (Vaults:4)
  8 cyclopes
  3 orc sorcerers
  A manticore (Lair:5)
  An elephant (Lair:5)
  2 moths of wrath
  2 worldbinders (Abyss:2)
  An eye of devastation (shapeshifter) (Vaults:4)
  14 vault sentinels
  2 ice statues (IceCv)
  A torpor snail (Lair:6)
  An eye of devastation (Lair:6)
  7 black mambas
  14 spiny frogs
  7 freezing wraiths
  2 emperor scorpion zombies (Crypt:2)
  A dire elephant skeleton (Crypt:2)
  10 komodo dragons
  33 yaktaurs
  An iron troll zombie (Crypt:1)
  9 ice devils (IceCv)
  A rime drake (Lair:1)
  A tengu conjurer (D:14)
  2 efreet
  2 demonic crawlers (Spider:1)
  4 red devils (D:15)
  9 jumping spiders
  6 meliai
  A polar bear (Lair:6)
  2 queen bees
  15 trolls
  25 hornets
  A queen bee (shapeshifter) (Vaults:1)
  15 blink frogs
  30 slime creatures
  3 raiju (Abyss:2)
  6 tyrant leeches
  2 ice dragon zombies (Crypt:1)
  A wind drake (shapeshifter) (Vaults:1)
  A fire dragon zombie (Crypt:1)
  9 hippogriffs
  13 bog bodies
  5 dream sheep (Lair:6)
  6 flying skulls (Crypt:1)
  14 tarantellas
  A spriggan (shapeshifter) (Vaults:4)
  2 air elementals
  A redback (shapeshifter) (Vaults:4)
  A shadow (D:15)
  A ynoxinul (Abyss:2)
  29 redbacks
  21 spriggans
  8 wraiths
  A water elemental (D:14)
  2 hogs (Spider:2)
  6 fire elementals
  A hog (shapeshifter) (Vaults:4)
  A neqoxec (Abyss:2)
  A steam dragon (Lair:5)
  3 basilisks (Lair:5)
  3 vampires
  2 wyverns (Lair:6)
  50 yaks
  A basilisk (shapeshifter) (D:15)
  A human simulacrum (Vaults:3)
  4 wargs
  23 vampire mosquitoes
  11 insubstantial wisps
  16 swamp worms
  An acid dragon (shapeshifter) (D:12)
  An acid dragon (Vaults:2)
  3 hell hounds (D:13)
  3 large abominations (Abyss:2)
  A swamp worm (shapeshifter) (Vaults:3)
  13 water moccasins
  A porcupine (Lair:2)
  A sky beast (D:10)
  8 black bears
  7 swamp drakes
  6 ice beasts
  64 orc warriors
  4 necrophages
  2 phantoms
  A boggart (shapeshifter) (Vaults:3)
  7 boggarts
  2 eyes of draining
  22 ogres
  A manticore skeleton (Crypt:1)
  32 wolves
  16 centaurs
  10 crocodiles
  A komodo dragon zombie (Crypt:1)
  An octopode zombie (Crypt:2)
  A big kobold (D:7)
  19 bullfrogs
  A gnoll sergeant (D:5)
  2 wyvern zombies
  5 small abominations (Abyss:2)
  A fire crab zombie (Crypt:1)
  A deep troll simulacrum (Vaults:3)
  A salamander skeleton (Crypt:1)
  2 earth elementals
  A yaktaur skeleton (Crypt:1)
  2 scorpions
  A wyvern skeleton (D:13)
  A warg zombie (Crypt:2)
  An elf simulacrum (Vaults:3)
  65 killer bees
  5 wights
  2 polar bear skeletons (Crypt:2)
  5 howler monkeys
  4 electric eels
  4 crimson imps
  3 centaur zombies
  A quasit (D:10)
  2 bullfrog zombies
  3 hounds
  4 centaur skeletons
  39 orc priests
  2 jellies
  18 orc wizards
  5 bullfrog skeletons
  Ijyb (D:3)
  Terence (D:2)
  4 iguanas
  2 yak simulacra (Lair:3)
  A hell rat (Lair:5)
  A polar bear simulacrum (Lair:3)
  5 wolf simulacra (Lair:3)
  11 worker ants
  A bullfrog simulacrum (D:12)
  A hound zombie (D:6)
  A worker ant zombie (D:11)
  A howler monkey zombie (D:11)
  Robin (D:3)
  10 gnolls
  8 adders
  4 shadow imps
  A swamp drake skeleton (Crypt:1)
  7 white imps
  14 ufetubi
  An ooze (D:1)
  2 adder skeletons
  4 worms
  A barachi zombie (Crypt:2)
  A dart slug (D:2)
  4 leopard geckos
  117 orcs
  7 bats
  5 giant cockroaches
  23 goblins
  16 hobgoblins
  16 jackals
  4 quokkas
  4 frilled lizards
  A jackal skeleton (D:7)
  10 kobolds
  A leopard gecko skeleton (D:4)
  An orc zombie (Crypt:2)
  6 rats
  3 river rat simulacra (Lair:3)
  4 briar patches (Swamp:4)
  6 fungi
  2 plants
  A starspawn tentacle (Abyss:2)
1683 creatures vanquished.

Vanquished Creatures (collateral kills)
  Arachne (Spider:2)
  Louise (Elf:1)
  An orc warlord (Orc:2)
  A very ugly thing (D:11)
  2 hydras
  A death yak (Lair:5)
  An orb spider (Spider:2)
  A spiny frog (Lair:5)
  A demonic crawler (Spider:2)
  A redback (Spider:2)
  A hog (Spider:2)
  A killer bee (Lair:5)
  An orc priest (Orc:2)
14 creatures vanquished.

Vanquished Creatures (others)
  Nikola (Vaults:1)
  A deep elf knight (Elf:1)
  A spriggan druid (Swamp:4)
  2 deep elf magi (Elf:1)
  A rime drake (Lair:5)
  A jumping spider (Spider:1)
  A polar bear (shapeshifter) (Vaults:1)
  A spriggan (Lair:6)
  A hog (Spider:2)
  A human (Spider:2)
  An orc warrior (Vaults:3)
  A black bear (Lair:6)
  A boggart (Vaults:3)
  An orc wizard (Orc:2)
  A white imp (IceCv)
  2 briar patches (Swamp:4)
  A bush (Lair:6)
  19 fungi
  20 plants
  4 starspawn tentacles (Abyss:2)
62 creatures vanquished.

Grand Total: 1759 creatures vanquished

Notes
Turn   | Place    | Note
-------+----------+-------------------------------------------
     0 | D:1      | Inarius the Minotaur Fire Elementalist began the quest for
                  | the Orb.
     0 | D:1      | Reached XP level 1. HP: 14/14 MP: 1/1
    44 | D:1      | Reached skill level 1 in Fighting
   106 | D:1      | Found a snail-covered altar of Cheibriados.
   110 | D:1      | Reached skill level 1 in Armour
   115 | D:1      | Reached XP level 2. HP: 13/23 MP: 0/3
   705 | D:1      | Reached XP level 3. HP: 29/29 MP: 4/4
  1036 | D:2      | Noticed Terence
  1045 | D:2      | Killed Terence
  1171 | D:2      | Reached skill level 1 in Short Blades
  1235 | D:2      | Reached XP level 4. HP: 34/37 MP: 5/5
  2387 | D:3      | Noticed an orc warrior
  2414 | D:3      | Reached XP level 5. HP: 17/45 MP: 6/6
  2434 | D:2      | Killed an orc warrior
  2434 | D:2      | Reached skill level 5 in Armour
  2770 | D:3      | Reached XP level 6. HP: 26/51 MP: 7/7
  2874 | D:3      | Noticed Robin
  2894 | D:3      | Killed Robin
  3251 | D:3      | Reached skill level 1 in Axes
  3368 | D:3      | Noticed Ijyb
  3383 | D:3      | Killed Ijyb
  3413 | D:3      | Reached skill level 2 in Axes
  3452 | D:3      | Found a snail-covered altar of Cheibriados.
  3642 | D:3      | Reached skill level 3 in Axes
  4303 | D:4      | Found a sacrificial altar of Ru.
  4612 | D:4      | Found a shadowy altar of Dithmenos.
  4612 | D:4      | Found a stormy altar of Qazlal.
  4624 | D:4      | Found a shimmering altar of Xom.
  4628 | D:4      | Found a glowing silver altar of Zin.
  4628 | D:4      | Found a deep blue altar of Sif Muna.
  4628 | D:4      | Found an ancient bone altar of Kikubaaqudgha.
  4628 | D:4      | Found an opulent altar of Gozag.
  4629 | D:4      | Found a glowing golden altar of the Shining One.
  4630 | D:4      | Found a burning altar of Makhleb.
  4631 | D:4      | Found a hazy altar of Hepliaklqana.
  4632 | D:4      | Found an ornate altar of the Wu Jian Council.
  4633 | D:4      | Found a sacrificial altar of Ru.
  4773 | D:5      | Entered Level 5 of the Dungeon
  4786 | D:5      | Reached XP level 7. HP: 40/59 MP: 8/8
  4961 | D:5      | Reached skill level 4 in Axes
  5845 | D:5      | Found a staircase to the Ecumenical Temple.
  5872 | Temple   | Entered the Ecumenical Temple
  5933 | Temple   | Became a worshipper of Trog the Wrathful
  6223 | D:5      | Reached skill level 5 in Axes
  7078 | D:6      | Reached skill level 6 in Axes
  7078 | D:6      | Reached XP level 8. HP: 66/67 MP: 9/9
  7229 | D:6      | HP: 3/67 [poisoned by a water moccasin]
  7235 | D:6      | HP: 2/67 [poisoned by a water moccasin]
  7243 | D:6      | HP: 2/67 [poisoned by a water moccasin]
  8018 | D:7      | Reached skill level 7 in Axes
  8039 | D:7      | Noticed a hippogriff
  8048 | D:7      | Killed a hippogriff
  8048 | D:7      | Reached skill level 5 in Fighting
  8054 | D:7      | Reached skill level 8 in Axes
  8434 | D:7      | Reached skill level 9 in Axes
  8471 | D:7      | Reached XP level 9. HP: 69/75 MP: 10/10
  9151 | D:8      | Reached skill level 1 in Evocations
  9259 | D:8      | Found a blossoming altar of Fedhas.
  9526 | D:9      | Noticed a troll
  9532 | D:9      | Killed a troll
  9623 | D:9      | Noticed a troll
  9631 | D:9      | Killed a troll
  9631 | D:9      | Reached skill level 10 in Axes
  9701 | D:9      | Reached * piety under Trog
 10708 | D:9      | Reached skill level 11 in Axes
 11120 | D:9      | Found Erghol's General Store.
 11123 | D:9      | Bought a scroll of identify for 32 gold pieces
 11512 | D:10     | Entered Level 10 of the Dungeon
 11756 | D:9      | Reached ** piety under Trog
 11959 | D:10     | Reached XP level 10. HP: 76/86 MP: 11/11
 12037 | D:10     | Killed an unseen horror
 12037 | D:10     | Reached skill level 12 in Axes
 12399 | D:10     | Found a staircase to the Lair.
 12700 | D:10     | Killed an unseen horror
 13096 | D:10     | Found a runed translucent door.
 13129 | D:10     | Noticed a cyclops
 13611 | D:10     | Killed a cyclops
 13611 | D:10     | Reached skill level 13 in Axes
 13611 | D:10     | Reached skill level 10 in Armour
 13742 | D:10     | Found a runed translucent door.
 13928 | D:10     | Noticed an ogre mage
 13928 | D:10     | Noticed a two-headed ogre
 13946 | D:10     | Killed a two-headed ogre
 14139 | D:9      | Reached *** piety under Trog
 14229 | D:10     | Killed an ogre mage
 14229 | D:10     | Reached XP level 11. HP: 17/94 MP: 13/13
 14231 | D:10     | Killed an unseen horror
 14626 | D:10     | Reached skill level 14 in Axes
 15450 | D:11     | Noticed a five-headed hydra
 15673 | D:11     | Reached **** piety under Trog
 16249 | D:11     | Killed a seven-headed hydra
 16262 | D:11     | Noticed a green ugly thing
 16262 | D:11     | Noticed a green ugly thing
 16264 | D:11     | Noticed a purple ugly thing
 16264 | D:11     | Noticed a white ugly thing
 16274 | D:11     | Noticed a white ugly thing
 16279 | D:11     | Noticed a purple ugly thing
 16281 | D:11     | Killed a purple ugly thing
 16287 | D:11     | Killed a purple ugly thing
 16289 | D:11     | Killed a purple ugly thing
 16293 | D:11     | Killed a white ugly thing
 16297 | D:11     | Killed a purple ugly thing
 16297 | D:11     | Reached skill level 15 in Axes
 16297 | D:11     | Reached skill level 5 in Evocations
 16300 | D:11     | Killed a purple ugly thing
 16464 | D:11     | Noticed a wizard
 16466 | D:11     | Killed a wizard
 16523 | D:11     | Noticed a wizard
 16523 | D:11     | Noticed a white very ugly thing
 16813 | D:11     | Killed a white very ugly thing
 16875 | D:11     | Killed a wizard
 17143 | Lair:1   | Entered Level 1 of the Lair of Beasts
 17561 | Lair:1   | Reached XP level 12. HP: 86/103 MP: 15/15
 17839 | Lair:1   | Reached skill level 16 in Axes
 18406 | Lair:2   | Noticed a six-headed hydra
 18684 | Lair:2   | Noticed a death yak
 18696 | Lair:2   | Killed a death yak
 18771 | Lair:2   | Killed a seven-headed hydra
 20088 | Lair:3   | Found a staircase to the Swamp.
 20099 | Lair:3   | Reached skill level 17 in Axes
 21277 | Lair:4   | Noticed a catoblepas
 22225 | Lair:4   | Found a hole to the Spider Nest.
 22239 | Lair:4   | Reached skill level 10 in Fighting
 22510 | Lair:4   | Killed a catoblepas
 22510 | Lair:4   | Reached XP level 13. HP: 83/113 MP: 16/16
 23158 | Lair:5   | Reached skill level 18 in Axes
 23852 | Lair:5   | Reached ***** piety under Trog
 24938 | Lair:5   | Identified a scroll of acquirement
 25485 | Lair:5   | Reached skill level 1 in Shields
 26284 | Lair:6   | Entered Level 6 of the Lair of Beasts
 26388 | Lair:6   | Found a frozen archway.
 26655 | IceCv    | Entered an ice cave
 26676 | IceCv    | Received a gift from Trog
 27717 | IceCv    | Noticed a reaper
 27725 | IceCv    | Killed a reaper
 28025 | IceCv    | Got a polished leather armour
 28539 | Lair:6   | Reached XP level 14. HP: 89/124 MP: 18/18
 28672 | Lair:6   | Reached skill level 19 in Axes
 28752 | Lair:6   | Found a staircase to the Slime Pits.
 31468 | D:12     | Received a gift from Trog
 31475 | D:12     | Reached skill level 5 in Shields
 32072 | D:12     | Noticed a frost giant
 32078 | D:12     | Killed a frost giant
 32286 | D:12     | You fall through a shaft!
 32406 | D:12     | Found a staircase to the Orcish Mines.
 32670 | D:12     | Got a warped steel ring
 32672 | D:12     | Identified the ring "Ubapifiq" {rPois Int+2} (You found it
                  | on level 12 of the Dungeon)
 32740 | D:12     | Identified a +2 pair of boots of running (You found it on
                  | level 12 of the Dungeon)
 33099 | D:12     | Upgraded the game from 0.23.0 to 0.23.0-2-g0fe3ce5
 33120 | Orc:1    | Entered Level 1 of the Orcish Mines
 33159 | Orc:1    | Found a roughly hewn altar of Beogh.
 33337 | Orc:2    | Entered Level 2 of the Orcish Mines
 33677 | Orc:2    | Found a roughly hewn altar of Beogh.
 33717 | Orc:2    | Found a staircase to the Elven Halls.
 33728 | Orc:2    | Found a runed translucent door.
 33734 | Orc:2    | Found the +10 large shield of Ignorance {rN+ Int-4}
 33757 | Orc:2    | Found a runed translucent door.
 34050 | Orc:2    | Received a gift from Trog
 34108 | Orc:2    | Reached ****** piety under Trog
 34925 | Orc:2    | Received a gift from Trog
 34935 | Orc:2    | Noticed an orc warlord
 35213 | Orc:2    | Killed an orc warlord
 35213 | Orc:2    | Reached XP level 15. HP: 126/134 MP: 20/20
 35522 | Orc:1    | Noticed Sonja
 35528 | Orc:1    | Killed Sonja
 35528 | Orc:1    | Reached skill level 20 in Axes
 37091 | Orc:2    | Found Cyn Luxt's Weapon Shop.
 37091 | Orc:2    | Found Utanejuo's Book Shop.
 37092 | Orc:2    | Found Voippol's Weapon Shop.
 37092 | Orc:2    | Found Wepsib's Weapon Boutique.
 37490 | Swamp:1  | Entered Level 1 of the Swamp
 39249 | Swamp:2  | Received a gift from Trog
 40802 | Swamp:3  | Noticed Roxanne
 41032 | Swamp:3  | Reached skill level 10 in Shields
 41372 | Swamp:3  | Received a gift from Trog
 41486 | Swamp:3  | Found a runed translucent gate.
 41670 | Swamp:3  | Found a runed translucent gate.
 41670 | Swamp:3  | Found a runed translucent gate.
 41758 | Swamp:3  | Noticed Foxy's ghost (adept GrFi)
 41758 | Swamp:3  | Noticed Matygoc's ghost (adept HaSk)
 41758 | Swamp:3  | Noticed vishdafish's ghost (adept DsBe)
 41945 | Swamp:3  | Killed Roxanne
 41986 | Swamp:4  | Entered Level 4 of the Swamp
 42014 | Swamp:4  | Reached XP level 16. HP: 131/145 MP: 22/22
 43018 | Swamp:4  | Noticed a thorn hunter
 43084 | Swamp:4  | Killed a thorn hunter
 44655 | Swamp:4  | Got a decaying rune of Zot
 45288 | Elf:1    | Entered Level 1 of the Elven Halls
 45301 | Elf:1    | Reached skill level 21 in Axes
 45301 | Elf:1    | Reached skill level 15 in Armour
 45303 | Elf:1    | Received a gift from Trog
 45597 | Elf:1    | Found a portal to a secret trove of treasure.
 46622 | Elf:1    | Cast into level 2 of the Abyss (a deep elf sorcerer)
 46688 | Abyss:2  | Noticed a tentacled starspawn
 46696 | Abyss:2  | Killed a tentacled starspawn
 46717 | Abyss:2  | Noticed a tentacled starspawn
 46724 | Abyss:2  | Killed a tentacled starspawn
 46746 | Abyss:2  | Received a gift from Trog
 46969 | Abyss:2  | Noticed a tentacled starspawn
 46982 | Abyss:2  | Killed a tentacled starspawn
 47111 | Elf:1    | Escaped the Abyss
 47117 | Elf:1    | Reached XP level 17. HP: 144/154 MP: 23/23
 47215 | Elf:1    | Noticed Louise
 47225 | Elf:1    | Killed Louise
 47380 | Elf:2    | Reached skill level 15 in Shields
 47821 | Elf:2    | Reached skill level 10 in Evocations
 48135 | Elf:2    | Found a huge runed translucent gate.
 48135 | Elf:2    | Found a huge runed translucent gate.
 48140 | Elf:2    | Found a huge runed translucent gate.
 48141 | Elf:2    | Found a huge runed translucent gate.
 48141 | Elf:2    | Found a huge runed translucent gate.
 48668 | Spider:1 | Entered Level 1 of the Spider Nest
 48861 | Spider:1 | Received a gift from Trog
 49126 | Spider:1 | Got a brightly glowing war axe {god gift}
 49396 | Spider:1 | Reached skill level 15 in Fighting
 49696 | Spider:2 | Noticed Asterion
 49712 | Spider:1 | Killed Asterion
 50069 | Spider:2 | Received a gift from Trog
 50254 | Spider:2 | Noticed Arachne
 50256 | Spider:2 | Noticed Kirke
 50274 | Spider:2 | Killed Kirke
 50274 | Spider:2 | Reached skill level 22 in Axes
 50278 | Spider:2 | Killed Arachne
 50411 | Spider:2 | Noticed Agnes
 50422 | Spider:2 | Killed Agnes
 51238 | D:13     | Reached XP level 18. HP: 163/163 MP: 24/24
 51365 | D:13     | Found a gate to the Vaults.
 51397 | D:13     | Noticed Azrael
 51404 | D:13     | Received a gift from Trog
 51412 | D:13     | Killed Azrael
 51519 | D:13     | Received a gift from Trog
 51803 | D:13     | Identified the +10 war axe of Lies {venom, rElec rF+ Str-3}
                  | (Trog gifted it to you on level 1 of the Spider Nest)
 51910 | D:14     | Found Otzusac's Gadget Shop.
 52119 | D:14     | Found a large runed translucent door.
 52119 | D:14     | Found a large runed translucent door.
 52878 | D:15     | Entered Level 15 of the Dungeon
 53057 | D:15     | Received a gift from Trog
 53806 | D:15     | Found a shadowy altar of Dithmenos.
 53891 | D:15     | Found a staircase to the Depths.
 54291 | Vaults:1 | Entered Level 1 of the Vaults
 54438 | Vaults:1 | Noticed Nikola
 54900 | Vaults:1 | Killed Nikola
 55289 | Vaults:1 | Got a transparent chain mail
 55300 | Vaults:1 | Identified the +7 chain mail of the Five Coins {Str+5} (You
                  | found it on level 1 of the Vaults)
 55358 | Vaults:1 | Received a gift from Trog
 55477 | Vaults:1 | Found a roughly hewn altar of Beogh.
 55948 | Vaults:1 | Reached skill level 23 in Axes
 56912 | Vaults:2 | Reached XP level 19. HP: 171/172 MP: 26/26
 57123 | Vaults:1 | Received a gift from Trog
 58761 | Vaults:2 | Found a staircase to the Crypt.
 58829 | Vaults:3 | Found Engyompu's Weapon Emporium.
 58870 | Vaults:3 | Got a faintly glowing steel ring
 58872 | Vaults:3 | Identified the ring of Neakleuvvy {rF+ rC+ rN+ Stlth+} (You
                  | acquired it on level 3 of the Vaults)
 58891 | Vaults:3 | Found Tefoiree's Antique Armour Boutique.
 58892 | Vaults:3 | Found Weus's Distillery.
 58911 | Vaults:3 | Bought a distressingly furry plate armour for 1092 gold
                  | pieces
 58923 | Vaults:3 | Identified the +1 plate armour of the Stars {*Corrode MR++
                  | Str+2 Int+4} (You bought it in a shop on level 3 of the
                  | Vaults)
 58937 | Vaults:3 | Bought 2 potions of heal wounds for 180 gold pieces
 58937 | Vaults:3 | Bought a potion of haste for 180 gold pieces
 58971 | Vaults:3 | Reached skill level 24 in Axes
 59087 | Vaults:3 | Found Faranoi's Assorted Antiques.
 59610 | Vaults:3 | Found Zellil's Antique Armour Shop.
 59831 | Vaults:3 | Received a gift from Trog
 60778 | Vaults:3 | Reached XP level 20. HP: 184/184 MP: 27/27
 60964 | Vaults:4 | Received a gift from Trog
 61392 | Vaults:4 | Found Tomek's Armour Emporium.
 61428 | Vaults:4 | Found Xawusi's Antique Armour Shop.
 61728 | Vaults:4 | Received a gift from Trog
 61728 | Vaults:4 | Reached skill level 25 in Axes
 61845 | Vaults:4 | Noticed Jory
 61885 | Vaults:4 | Killed Jory
 62172 | Vaults:4 | Received a gift from Trog
 62530 | Vaults:4 | Found Weti's Antique Armour Shop.
 62551 | Vaults:4 | Found Zuoterua's Assorted Antiques.
 62559 | Vaults:4 | Bought a scroll of blinking for 240 gold pieces
 62559 | Vaults:4 | Bought a scroll of enchant weapon for 240 gold pieces
 62841 | Vaults:4 | Found Imediona's Jewellery Emporium.
 63070 | Vaults:4 | Bought an embroidered cloak for 240 gold pieces
 63478 | Swamp:3  | Killed Matygoc's ghost
 63483 | Swamp:3  | Killed vishdafish's ghost
 63505 | Swamp:3  | Killed Foxy's ghost
 63522 | Swamp:3  | Identified the amulet "Mealosai" {Spirit rF+ rC+++ Slay-5}
                  | (You found it on level 3 of the Swamp)
 63829 | Crypt:1  | Entered Level 1 of the Crypt
 64166 | Crypt:1  | Received a gift from Trog
 64391 | Crypt:1  | Noticed Mennas
 64469 | Crypt:1  | HP: 3/189 [Mennas/+2 eudemon blade of holy wrath (14)]
 64471 | Crypt:1  | Killed Mennas
 65144 | Crypt:2  | Reached XP level 21. HP: 195/195 MP: 28/28
 65469 | Crypt:2  | Noticed Donald
 65591 | Crypt:1  | Killed Donald
 65991 | Crypt:2  | Found a runed translucent gate.
 65999 | Crypt:2  | Found a runed translucent gate.
 65999 | Crypt:2  | Found a runed translucent gate.
 65999 | Crypt:2  | Noticed Woadakig's ghost (veteran FoFi)
 66040 | Crypt:2  | Noticed Xtahua
 66060 | Crypt:2  | Killed Xtahua
 66062 | Crypt:2  | Noticed Khufu
 66062 | Crypt:2  | Noticed a greater mummy
 66082 | Crypt:2  | HP: 5/195 [greater mummy[Khufu] (20)]
 66089 | Crypt:2  | Slain by an emperor scorpion

Skill      XL: |  1  2  3  4  5  6  7  8  9 10 11 12 13 14 15 16 17 18 19 20 |
---------------+-------------------------------------------------------------+-----
Fighting       | 1 2 3 4 6 7 8 10 11 12 13 14 15 16 17 18 | 18.6
Armour         | 1 2 3 4 5 6 7 8 9 10 11 12 13 14 15 16 | 16.8
Short Blades   | 1 |  1.0
Axes           | 3 6 9 11 13 15 17 18 19 20 21 22 23 24 25 | 25.8
Evocations     | 2 4 5 6 7 8 9 10 | 10.9
Shields        | 3 6 10 14 16 17 18 20 | 20.7
Maces & Flails | |  0.1
Dodging        | |  2.1
Stealth        | |  1.5
Spellcasting   | |  1.3
Conjurations   | |  0.6
Fire Magic     | |  2.1

Action                   |  1- 3 |  4- 6 |  7- 9 | 10-12 | 13-15 | 16-18 | 19-21 || total
-------------------------+-------+-------+-------+-------+-------+-------+-------++-------
Melee: Unarmed           |    13 |       |       |       |       |       |       ||    13
       Club              |    15 |       |       |       |       |       |       ||    15
       Headbutt          |    11 |    29 |    56 |    84 |   348 |   369 |   336 ||  1233
       Short sword       |    86 |    29 |       |       |       |       |       ||   115
       Dagger            |       |    63 |       |       |       |       |       ||    63
       Broad axe         |       |   142 |   354 |   588 |  1691 |  1683 |  1354 ||  5812
       Executioner's axe |       |       |       |       |    34 |       |       ||    34
       Demon whip        |       |       |       |       |    31 |   126 |       ||   157
       Morningstar       |       |       |       |       |     4 |       |       ||     4
       War axe           |       |       |       |       |       |    10 |       ||    10
 Cast: Flame Tongue      |     9 |     2 |       |       |       |       |       ||    11
Invok: Berserk           |       |       |       |     7 |    15 |     9 |     7 ||    38
       Trog's Hand       |       |       |       |     4 |     1 |     5 |     3 ||    13
       Brothers in Arms  |       |       |       |     2 |     1 |       |       ||     3
 Abil: Stop Flying       |       |       |       |       |     1 |       |       ||     1
Evoke: Wand              |       |       |    18 |    30 |    25 |    15 |       ||    88
       Lightning rod     |       |       |       |       |     4 |     4 |       ||     8
       Lamp of fire      |       |       |       |       |     2 |       |       ||     2
       Box of beasts     |       |       |       |       |       |     1 |       ||     1
  Use: Scroll            |       |       |     9 |    14 |    21 |    17 |    13 ||    74
       Potion            |       |       |     1 |     3 |     3 |     4 |     7 ||    18
 Stab: Paralysed         |       |       |     8 |       |     5 |       |       ||    13
  Eat: Chunk             |     2 |    11 |    23 |    34 |    73 |    59 |    29 ||   231
       Ration            |       |       |       |     2 |     4 |       |       ||     6
Armor: Ring mail         |    35 |       |       |       |       |       |       ||    35
       Scale mail        |    17 |    30 |       |       |       |       |       ||    47
       Chain mail        |       |   145 |   125 |       |       |       |       ||   270
       Plate armour      |       |       |   142 |   425 |   847 |   651 |   346 ||  2411
Dodge: Dodged            |    62 |   120 |   140 |   165 |   357 |   150 |   121 ||  1115
Block: Buckler           |       |       |       |       |   230 |       |       ||   230
       Large shield      |       |       |       |       |   486 |  1922 |  1455 ||  3863
